[ AOE2 MATCH · #513756415 ]
UnrankedGeorgians vs Khmer
Player's team · LOSS
Rival team · WIN
[ REPLAY ANALYSIS · EXTRACTED FROM THE RECORDED GAME ]
Feudal
9:52
Castle
20:41
Imperial
—
| APM avg | 67.1 |
| APM peak | 135 |
| eAPM avg | 32.8 |
| Villagers / military | 46 / 15 |
Focus
⚔️ 52.5% · 🌾 47.5%
Spearman ×5 · Scout Cavalry ×5 · Knight ×4 · Monk ×1
Feudal
11:21
Castle
18:48
Imperial
—
| APM avg | 90.1 |
| APM peak | 190 |
| eAPM avg | 36.6 |
| Villagers / military | 61 / 33 |
Focus
⚔️ 7.4% · 🌾 92.6%
Knight ×33
Match map
Initial resources + every placement click. Lines = walls · curves = elevation contours. ◆ gold · ⬟ stone · ● berries · ✦ relic · ◌ wall gap
Your base· Open — unwalled flank
El Tlacuache's base· Open — unwalled flank
Smoothed initial terrain · ◌ = detected wall gap · hover for details
Inputs per minute
— Velvet Thunder - - El Tlacuache
Build order — Velvet Thunder
112 actions detected in the replay
| 0:00 | Queue | Villager (Male) |
| 0:01 | Queue | Villager (Male) |
| 0:01 | Queue | Villager (Male) |
| 0:03 | Build | House |
| 0:03 | Build | House |
| 0:17 | Queue | Villager (Male) |
| 0:17 | Queue | Villager (Male) |
| 1:38 | Queue | Villager (Male) |
| 1:40 | Queue | Villager (Male) |
| 2:13 | Queue | Villager (Male) |
| 2:14 | Queue | Villager (Male) |
| 2:40 | Research | Loom |
| 2:56 | Build | Mill |
| 2:58 | Queue | Villager (Male) |
| 2:58 | Queue | Villager (Male) |
| 3:22 | Queue | Villager (Male) |
| 3:23 | Queue | Villager (Male) |
| 3:23 | Queue | Villager (Male) |
| 3:51 | Queue | Villager (Male) |
| 3:52 | Queue | Villager (Male) |
| 4:14 | Build | House |
| 4:24 | Queue | Villager (Male) |
| 4:24 | Queue | Villager (Male) |
| 4:24 | Queue | Villager (Male) |
| 4:50 | Build | Mill |
| 5:16 | Queue | Villager (Male) |
| 5:17 | Queue | Villager (Male) |
| 5:31 | Queue | Villager (Male) |
| 5:31 | Queue | Villager (Male) |
| 6:37 | Queue | Villager (Male) |
| 7:13 | Queue | Villager (Male) |
| 7:16 | Build | House |
| 7:42 | Research | Feudal Age |
| 9:22 | Build | Barracks |
| 9:52 | Age | Feudal Age |
| 9:54 | Queue | Villager (Male) |
| 10:23 | Build | Stable |
| 10:31 | Queue | Villager (Male) |
| 10:49 | Build | Watch Tower |
| 10:52 | Queue | Scout Cavalry |
| 10:53 | Queue | Scout Cavalry |
| 10:57 | Queue | Villager (Male) |
| 11:01 | Build | Farm |
| 11:19 | Queue | Villager (Male) |
| 11:27 | Build | Farm |
| 11:35 | Build | House |
| 11:36 | Build | Palisade Wall |
| 11:37 | Build | Palisade Wall |
| 11:38 | Build | Palisade Wall |
| 11:41 | Queue | Scout Cavalry |
| 12:04 | Queue | Villager (Male) |
| 12:06 | Build | Farm |
| 12:08 | Build | Farm |
| 12:09 | Build | Farm |
| 12:17 | Build | Farm |
| 12:31 | Build | Palisade Wall |
| 12:37 | Queue | Villager (Male) |
| 12:40 | Build | Farm |
| 12:48 | Queue | Villager (Male) |
| 12:58 | Build | Farm |
| 13:00 | Build | Farm |
| 13:13 | Research | Horse Collar |
| 13:16 | Build | House |
| 13:32 | Build | Mill |
| 13:43 | Queue | Villager (Male) |
| 14:15 | Queue | Villager (Male) |
| 14:17 | Build | Farm |
| 14:18 | Queue | Villager (Male) |
| 15:02 | Queue | Villager (Male) |
| 15:16 | Build | House |
| 15:18 | Queue | Villager (Male) |
| 15:43 | Build | Farm |
| 15:44 | Build | Farm |
| 15:56 | Queue | Villager (Male) |
| 15:59 | Build | Farm |
| 16:11 | Queue | Spearman |
| 16:16 | Queue | Villager (Male) |
| 16:23 | Build | Market |
| 16:48 | Queue | Villager (Male) |
| 17:12 | Queue | Villager (Male) |
| 17:53 | Build | Mule Cart |
| 18:01 | Research | Castle Age |
| 18:20 | Queue | Scout Cavalry |
| 18:23 | Build | House |
| 18:41 | Build | Mule Cart |
| 18:47 | Research | Double-Bit Axe |
| 19:10 | Queue | Spearman |
| 19:10 | Queue | Spearman |
| 19:35 | Build | Watch Tower |
| 19:48 | Queue | Scout Cavalry |
| 19:58 | Build | House |
| 20:31 | Build | Palisade Wall |
| 20:41 | Age | Castle Age |
| 20:44 | Queue | Villager (Male) |
| 20:46 | Queue | Knight |
| 20:46 | Queue | Knight |
| 21:08 | Build | Town Center |
| 21:14 | Queue | Villager (Male) |
| 21:21 | Queue | Knight |
| 21:53 | Queue | Villager (Male) |
| 22:12 | Queue | Villager (Male) |
| 22:18 | Build | Monastery |
| 22:31 | Queue | Spearman |
| 22:31 | Queue | Spearman |
| 22:33 | Queue | Knight |
| 22:46 | Queue | Villager (Male) |
| 23:44 | Build | Blacksmith |
| 23:59 | Build | Farm |
| 24:00 | Build | Farm |
| 24:12 | Queue | Monk |
| 24:33 | Build | Market |
| 25:03 | Build | Castle |
Build order — El Tlacuache
112 actions detected in the replay
| 0:00 | Queue | Villager (Male) ×4 |
| 0:01 | Queue | Villager (Male) ×4 |
| 0:03 | Build | House |
| 0:04 | Build | House |
| 1:14 | Build | Lumber Camp |
| 1:25 | Queue | Villager (Male) |
| 2:04 | Research | Loom |
| 2:04 | Research | Loom |
| 2:32 | Queue | Villager (Male) |
| 2:32 | Queue | Villager (Male) |
| 2:32 | Queue | Villager (Male) |
| 3:08 | Queue | Villager (Male) |
| 3:08 | Queue | Villager (Male) |
| 3:46 | Queue | Villager (Male) |
| 3:47 | Queue | Villager (Male) |
| 3:47 | Queue | Villager (Male) |
| 4:25 | Build | House |
| 4:35 | Queue | Villager (Male) |
| 4:35 | Queue | Villager (Male) |
| 4:36 | Queue | Villager (Male) |
| 5:13 | Queue | Villager (Male) |
| 5:14 | Queue | Villager (Male) |
| 5:14 | Queue | Villager (Male) |
| 5:21 | Queue | Villager (Male) |
| 5:21 | Queue | Villager (Male) |
| 5:22 | Queue | Villager (Male) |
| 5:44 | Build | Mill |
| 6:10 | Queue | Villager (Male) |
| 6:11 | Queue | Villager (Male) |
| 6:11 | Queue | Villager (Male) |
| 6:11 | Queue | Villager (Male) |
| 6:12 | Queue | Villager (Male) |
| 6:36 | Queue | Villager (Male) |
| 6:52 | Build | House |
| 7:07 | Queue | Villager (Male) |
| 7:18 | Build | Mill |
| 8:17 | Queue | Villager (Male) |
| 8:58 | Build | Mining Camp |
| 9:09 | Research | Feudal Age |
| 11:21 | Age | Feudal Age |
| 11:28 | Build | Watch Tower |
| 11:32 | Queue | Villager (Male) |
| 11:42 | Build | Lumber Camp |
| 12:01 | Build | Farm |
| 12:01 | Queue | Villager (Male) |
| 12:04 | Build | Farm |
| 12:52 | Queue | Villager (Male) |
| 12:55 | Build | House |
| 12:58 | Build | Farm |
| 12:59 | Build | Farm |
| 13:14 | Build | House |
| 13:27 | Build | Farm |
| 13:35 | Build | Farm |
| 13:37 | Queue | Villager (Male) |
| 13:41 | Build | House |
| 14:19 | Build | Farm |
| 14:34 | Build | Lumber Camp |
| 14:41 | Queue | Villager (Male) |
| 15:10 | Build | Farm |
| 15:31 | Build | Farm |
| 15:47 | Build | Stable |
| 16:08 | Research | Castle Age |
| 16:08 | Research | Castle Age |
| 16:08 | Research | Castle Age |
| 16:40 | Build | Stable |
| 16:53 | Build | Farm |
| 17:14 | Build | Farm |
| 18:48 | Age | Castle Age |
| 18:49 | Queue | Knight ×5 |
| 18:49 | Queue | Knight ×5 |
| 18:49 | Queue | Knight ×4 |
| 18:50 | Queue | Knight ×4 |
| 18:53 | Build | Town Center |
| 18:56 | Queue | Villager (Male) |
| 19:00 | Queue | Villager (Male) |
| 19:13 | Queue | Villager (Male) |
| 19:32 | Queue | Villager (Male) |
| 20:00 | Queue | Villager (Male) |
| 20:02 | Queue | Villager (Male) |
| 20:03 | Queue | Villager (Male) |
| 20:09 | Queue | Villager (Male) |
| 20:19 | Queue | Knight |
| 20:20 | Queue | Knight |
| 20:20 | Queue | Knight |
| 20:54 | Queue | Villager (Male) |
| 20:57 | Build | House |
| 21:06 | Research | Town Watch |
| 21:08 | Queue | Knight |
| 21:09 | Queue | Knight |
| 21:09 | Queue | Knight |
| 21:16 | Queue | Villager (Male) |
| 21:21 | Build | House |
| 21:28 | Queue | Villager (Male) |
| 21:43 | Queue | Villager (Male) |
| 21:54 | Build | House |
| 22:07 | Build | Farm |
| 22:09 | Queue | Villager (Male) |
| 22:09 | Queue | Villager (Male) |
| 22:43 | Build | Farm |
| 22:49 | Queue | Knight ×3 |
| 22:49 | Queue | Knight ×3 |
| 22:50 | Queue | Knight ×3 |
| 23:00 | Queue | Villager (Male) |
| 23:10 | Build | Mining Camp |
| 23:12 | Queue | Villager (Male) |
| 23:23 | Queue | Villager (Male) |
| 23:52 | Queue | Villager (Male) |
| 23:53 | Queue | Villager (Male) |
| 23:53 | Queue | Villager (Male) |
| 23:53 | Queue | Villager (Male) |
| 24:08 | Queue | Villager (Male) |
| 24:32 | Build | Castle |
Match timeline
| 9:22 | Velvet Thunder · first_building Barracks |
| 9:52 | Velvet Thunder · age_up feudal |
| 10:23 | Velvet Thunder · first_building Stable |
| 11:21 | El Tlacuache · age_up feudal |
| 11:36 | Velvet Thunder · wall_segment Palisade Wall x1 |
| 11:37 | Velvet Thunder · wall_segment Palisade Wall x1 |
| 11:38 | Velvet Thunder · wall_segment Palisade Wall x1 |
| 12:31 | Velvet Thunder · wall_segment Palisade Wall x1 |
| 15:47 | El Tlacuache · first_building Stable |
| 17:15 | Velvet Thunder · first_market_sell 100 wood |
| 18:48 | El Tlacuache · age_up castle |
| 20:31 | Velvet Thunder · wall_segment Palisade Wall x3 |
| 20:41 | Velvet Thunder · age_up castle |
| 22:18 | Velvet Thunder · first_building Monastery |
| 24:32 | El Tlacuache · first_building Castle |
| 25:00 | Velvet Thunder · first_market_buy 100 stone |
| 25:03 | Velvet Thunder · first_building Castle |
| 25:38 | Velvet Thunder · resign |
[ AI ANALYSIS · 1 CREDIT ]
What really happened in this match?
Wolo.gg analyzes every decision: build order, eco, micro, common mistakes by bracket. Personalized analysis on WhatsApp or Discord in 30 seconds.
Civ guide
Georgians
Perfil
Jugador #2385609